Map: Terraform LE (Void)

Players

SolaCe (Nina)

  • Race: Protoss Protoss
  • League: Master

Patience - Winner!

  • Race: Protoss Protoss
  • League: Platinum

Event: ASL Season 5 Prime League LOTV Beta

VOD

Have the link to the VOD?

Description

Time

  • Played on: Sept. 30, 2015, 8:45 p.m.
  • Length: 7:31

All games in this series

Show
View Real Time Build Order
Export as new Build Order

SolaCe Protoss 

Build Orders: Oracle Opening 

Get SALT Encoding   

  12  0:00  Probe (Chrono Boost)  
  13  0:10  Probe (Chrono Boost)  
  14  0:18  Pylon  
  14  0:21  Probe (Chrono Boost)  
  15  0:36  Probe (Chrono Boost)  
  15  0:38  Gateway  
  16  0:45  Assimilator  
  16  0:46  Probe (Chrono Boost)  
  17  0:56  Probe (Chrono Boost)  
  18  1:04  Assimilator  
  18  1:06  Probe (Chrono Boost)  
  19  1:15  Probe (Chrono Boost)  
  19  1:17  Pylon  
  20  1:26  Probe (Chrono Boost)  
  20  1:29  Cybernetics Core  
  21  1:38  Probe (Chrono Boost)  
  22  1:48  Probe (Chrono Boost)  
  23  2:06  Mothership Core (Chrono Boost), Stalker  
  23  2:07  Warp Gate  
  27  2:21  Nexus  
  27  2:28  Stargate  
  27  2:30  Probe (Chrono Boost)  
  28  2:40  Adept  
  30  2:51  Pylon  
  30  2:55  Probe (Chrono Boost)  
  31  3:01  Gateway  
  31  3:08  Gateway  
  31  3:11  Probe (Chrono Boost)  
  32  3:21  Probe (Chrono Boost)  
  32  3:26  Oracle (Chrono Boost)  
  33  3:27  Pylon  
  35  3:34  Probe  
  35  3:35  Probe  
  37  3:44  Probe  
  37  3:47  Probe  
  39  3:54  Probe  
  39  3:59  Probe, Void Ray (Chrono Boost)  
  45  4:04  Probe  
  46  4:11  Probe  
  46  4:13  Probe  
  48  4:17  Twilight Council  
  48  4:23  Probe  
  48  4:24  Probe  
  50  4:33  Probe  
  50  4:36  Probe  
  52  4:43  Probe  
  52  4:45  Assimilator x2  
  52  4:48  Stalker, Probe  
  52  4:49  Stalker  
  58  4:53  Probe, Blink (Chrono Boost)  
  58  4:54  Pylon  
  59  5:00  Probe  
  59  5:04  Probe  
  61  5:12  Robotics Facility  
  61  5:22  Stalker  
  61  5:24  Gateway  
  61  5:28  Gateway  
  63  5:33  Adept x2  
  67  5:52  Pylon  
  67  5:53  Stalker  
  69  5:58  Observer (Chrono Boost), Pylon  
  69  5:59  Pylon  
  69  6:01  Pylon  
  70  6:11  Stalker x2  
  74  6:19  Stalker  
  74  6:21  Immortal (Chrono Boost)  
  80  6:27  Pylon  
  80  6:28  Pylon  
  80  6:29  Stalker x2  
  81  6:40  Stalker x2  
  82  6:48  Stalker x2  
  82  6:49  Stalker  
  65  7:06  Stalker x2  
  63  7:13  Stalker x2  
Show
View Real Time Build Order
Export as new Build Order

Patience Protoss - Winner!

Build Orders:  

Get SALT Encoding   

  12  0:00  Probe (Chrono Boost)  
  13  0:14  Pylon  
  13  0:17  Probe (Chrono Boost)  
  14  0:27  Probe (Chrono Boost)  
  15  0:37  Probe (Chrono Boost)  
  16  0:43  Gateway  
  16  0:46  Probe (Chrono Boost)  
  17  0:51  Assimilator  
  17  0:56  Probe (Chrono Boost)  
  18  1:06  Probe (Chrono Boost)  
  19  1:16  Probe (Chrono Boost)  
  20  1:27  Probe (Chrono Boost)  
  20  1:30  Cybernetics Core  
  21  1:37  Probe (Chrono Boost)  
  22  1:45  Nexus  
  22  1:50  Pylon  
  22  1:52  Probe (Chrono Boost)  
  23  2:00  Assimilator  
  23  2:04  Pylon  
  23  2:09  Mothership Core (Chrono Boost)  
  25  2:16  Adept  
  27  2:24  Warp Gate  
  27  2:26  Probe (Chrono Boost)  
  28  2:36  Probe (Chrono Boost)  
  29  2:43  Pylon  
  29  2:46  Probe (Chrono Boost)  
  29  2:48  Forge  
  30  2:52  Stalker  
  30  2:57  Probe (Chrono Boost)  
  33  2:58  Probe (Chrono Boost)  
  34  3:07  Probe (Chrono Boost)  
  34  3:08  Probe (Chrono Boost)  
  36  3:17  Robotics Facility  
  36  3:18  Probe (Chrono Boost)  
  37  3:21  Probe (Chrono Boost)  
  38  3:28  Probe (Chrono Boost)  
  38  3:30  Protoss Ground Weapons Level 1 (Chrono Boost)  
  38  3:31  Probe (Chrono Boost)  
  40  3:36  Twilight Council  
  40  3:38  Probe (Chrono Boost)  
  41  3:43  Probe (Chrono Boost), Pylon  
  42  3:56  Probe x2 (Chrono Boost)  
  44  4:03  Pylon, Blink (Chrono Boost)  
  44  4:05  Observer  
  44  4:06  Probe (Chrono Boost)  
  44  4:07  Probe (Chrono Boost)  
  47  4:11  Gateway  
  47  4:12  Gateway  
  47  4:16  Probe (Chrono Boost)  
  47  4:17  Probe (Chrono Boost)  
  47  4:18  Pylon  
  47  4:20  Assimilator  
  47  4:23  Assimilator  
  49  4:29  Stalker  
  51  4:33  Probe  
  51  4:34  Probe  
  53  4:44  Gateway  
  53  4:48  Gateway  
  53  4:49  Probe  
  53  4:52  Gateway, Warp Prism  
  54  4:59  Gateway  
  56  5:04  Stalker  
  58  5:09  Photon Cannon  
  58  5:15  Stalker  
  58  5:16  Stalker  
  64  5:22  Protoss Ground Weapons Level 2 (Chrono Boost)  
  64  5:23  Photon Cannon  
  62  5:41  Stalker x3  
  62  5:42  Stalker  
  68  5:47  Sentry x2  
  72  6:11  Stalker x3  
  77  6:22  Pylon  
  77  6:23  Pylon  
  77  6:25  Pylon  
  77  6:43  Stalker x2  
  77  6:44  Stalker x2  
  77  6:45  Stalker x3  
  77  7:07  Adept x3  
  77  7:09  Adept x3  
  75  7:22  Stalker x4  
Tags
 
Add a new tag
Caveats
  • Supply blocks, unpowered buildings, or Contaminate may cause inaccurate times.
  • Supply counts are checked every 10 seconds.